 Dungeon Crawl Stone Soup version 0.20.0-8-g6b59dc7 (webtiles) character file.

3062 mopl the Grappler (level 9, -4/88 HPs)
             Began as a Troll Hunter on May 30, 2017.
             Slain by Grum
             ... wielding a -2 glaive
              (26 damage)
             ... on level 8 of the Dungeon.
             The game lasted 00:09:48 (5393 turns).

mopl the Grappler (Troll Hunter)                    Turns: 5393, Time: 00:09:49

Health: -4/88      AC:  7    Str: 22    XL:     9   Next: 57%
Magic:  10/11      EV: 10    Int:  7    God:
Gold:   309        SH:  0    Dex: 13    Spells: 8/8 levels left

rFire    . . .     SeeInvis +     - Unarmed
rCold    + . .     Gourm    +   (no shield)
rNeg     . . .     Faith    .   b - +0 robe
rPois    .         Spirit   .   (helmet restricted)
rElec    .         Reflect  .   p - +1 cloak {+Inv}
rCorr    .         Harm     .   (gloves unavailable)
MR       .....                  (boots unavailable)
Stlth    +.........             (no amulet)
Regen    0.7/turn               v - ring of see invisible
MPRegen  0.2/turn               q - ring of protection from cold

@: no status effects
A: unfitting armour, claws 3, fast metabolism 3, gourmand, regeneration 1,
shaggy fur 1, tough skin 2
a: Evoke Invisibility


You were on level 8 of the Dungeon.
You were completely stuffed.

You visited 1 branch of the dungeon, and saw 8 of its levels.

You collected 424 gold pieces.
You spent 115 gold pieces at shops.

Inventory:

Hand Weapons
 o - a +2 quarterstaff of chaos
Missiles
 c - 3 large rocks (quivered)
 d - 2 throwing nets
 e - 194 stones
 r - 4 needles of confusion
 u - 58 poisoned needles
 x - 4 silver javelins
 C - 4 javelins
Armour
 b - a +0 robe (worn)
 p - a +1 cloak of invisibility (worn)
 s - a cursed +0 cloak
Jewellery
 n - an uncursed ring of positive energy
 q - a ring of protection from cold (right claw)
 v - a ring of see invisible (left claw)
Wands
 y - a wand of iceblast (0/15)
 F - a wand of flame (26/48)
 G - a wand of flame (12/48)
 I - a wand of disintegration (15/24)
 J - a wand of random effects (21/48)
Scrolls
 h - 4 scrolls of immolation {unknown}
 i - 4 scrolls of remove curse {unknown}
 w - 2 scrolls of amnesia {unknown}
 A - 3 scrolls of blinking {unknown}
 E - a scroll of recharging {unknown}
 H - a scroll of identify {unknown}
 L - a scroll of teleportation {unknown}
 N - a scroll of random uselessness {unknown}
Potions
 a - 7 potions of curing {unknown}
 j - a potion of might {unknown}
 l - 5 potions of heal wounds {unknown}
 m - a potion of resistance
 z - 2 potions of brilliance {unknown}
 B - a potion of agility {unknown}
 K - 2 potions of berserk rage {unknown}
 M - a potion of ambrosia {unknown}
Comestibles
 f - 7 bread rations
 g - 9 fruits
 k - 6 meat rations
 t - 4 royal jellies
 O - 3 chunks of flesh


   Skills:
 + Level 5.2 Fighting
 + Level 6.7 Throwing
 - Level 1.5 Dodging
 - Level 0.3 Stealth
 * Level 8.6 Unarmed Combat
 + Level 4.0 Evocations


You had 8 spell levels left.
You didn't know any spells.

Dungeon Overview and Level Annotations

Branches:
Dungeon (8/15)             Temple (0/1) D:4
   Lair: D:8-11

Altars:
Ashenzari
Hepliaklqana
Sif Muna
Vehumet
Xom
Zin
The Shining One

Shops:
D:5 (

Annotations:
D:8 Grum


Innate Abilities, Weirdness & Mutations

You are too large for most types of armour.
You have claws for hands.
Your metabolism is lightning-fast.
You like to eat raw meat.
Your natural rate of healing is unusually fast.
You are covered in fur. (AC +1)
You have very tough skin. (AC +2)


Message History

Grum hits you from afar with a glaive!
* * * LOW HITPOINT WARNING * * *
Unknown command.
Evoke which item? (* to show all) (? for menu, Esc to quit)
Aiming: Iceblast (will waste charges)
Press: ? - help, Shift-Dir - straight line, f/p - Grum
Aim: Grum, wielding a glaive and wearing an animal skin (almost dead) Nothing appears to happen.
Grum hits you from afar with a glaive.
* * * LOW HITPOINT WARNING * * *
Unknown command.
Unknown command.
Evoke which item? (* to show all) (? for menu, Esc to quit)
Aiming: Throw Flame (will waste charges)
Press: ? - help, Shift-Dir - straight line, f/p - Grum
Aim: Grum, wielding a glaive and wearing an animal skin (almost dead)
The puff of flame misses Grum.
The puff of flame hits the wolf.
You kill the wolf!
Evoking this partially-identified wand wasted a few charges.
Grum hits you from afar with a glaive!!
You die...

..######## ....hg!@.#
.. ..######.# ##.# #.#
.##.# .#######.###.#
#.# ............###..#
..........##.#.#.#####
########..# #........#
##.#..# #.#..###.###
##.#...###..........#


You could see Grum and a wolf.

Vanquished Creatures
  The ghost of mopl the Firebug, a novice DEFE of Vehumet (D:5)
  A hippogriff (D:8)
  3 orc warriors (D:7)
  An ice beast (D:6)
  A phantom (D:7)
  A hornet zombie (D:5)
  A sky beast (D:6)
  4 ogres
  3 wolves (D:8)
  A centaur (D:6)
  2 bullfrogs
  A gnoll sergeant (D:8)
  2 scorpions
  5 crimson imps
  A bullfrog zombie (D:7)
  A jelly (D:5)
  6 orc priests
  3 hounds
  Crazy Yiuf (D:2)
  A bullfrog skeleton (D:7)
  3 orc wizards
  3 iguanas
  3 worker ants
  A hound skeleton (D:4)
  A howler monkey zombie (D:6)
  A worker ant zombie (D:5)
  3 gnolls (D:8)
  6 adders
  A shadow imp (D:5)
  An ooze (D:2)
  An adder zombie (D:6)
  An adder skeleton (D:7)
  3 worms
  4 dart slugs
  3 leopard geckos
  31 orcs
  10 bats
  4 giant cockroaches
  18 goblins
  5 hobgoblins
  3 jackals (D:1)
  A quokka (D:7)
  6 frilled lizards
  A jackal skeleton (D:4)
  A jackal zombie (D:8)
  5 kobolds
  A leopard gecko skeleton (D:5)
  4 rats
165 creatures vanquished.

Notes
Turn   | Place    | Note
-------+----------+-------------------------------------------
     0 | D:1      | mopl the Troll Hunter began the quest for the Orb.
     0 | D:1      | Reached XP level 1. HP: 19/19 MP: 0/0
    94 | D:1      | Reached skill level 1 in Unarmed Combat
    94 | D:1      | Reached XP level 2. HP: 18/28 MP: 1/1
   394 | D:1      | Reached skill level 2 in Fighting
   394 | D:1      | Reached XP level 3. HP: 32/35 MP: 2/2
   591 | D:2      | Found a faded altar of an unknown god.
   626 | D:2      | Reached skill level 2 in Unarmed Combat
   773 | D:2      | Reached skill level 4 in Throwing
   777 | D:2      | Reached XP level 4. HP: 23/42 MP: 3/3
   958 | D:2      | Reached skill level 3 in Unarmed Combat
   972 | D:2      | Found a runed door.
   976 | D:2      | Noticed Crazy Yiuf
   982 | D:2      | Killed Crazy Yiuf
  1187 | D:2      | Reached XP level 5. HP: 43/50 MP: 1/4
  1551 | D:3      | Found a deep blue altar of Sif Muna.
  2305 | D:4      | Noticed an ogre
  2313 | D:4      | Killed an ogre
  2313 | D:4      | Reached skill level 4 in Unarmed Combat
  2313 | D:4      | Reached skill level 1 in Evocations
  2313 | D:4      | Reached XP level 6. HP: 59/59 MP: 5/5
  2387 | D:4      | Found a staircase to the Ecumenical Temple.
  2416 | D:4      | Reached skill level 3 in Fighting
  2604 | D:4      | Reached XP level 7. HP: 55/67 MP: 7/7
  2627 | D:4      | Found a shattered altar of Ashenzari.
  2629 | D:4      | Found a shimmering altar of Xom.
  2713 | D:4      | Reached skill level 5 in Unarmed Combat
  2942 | D:5      | Entered Level 5 of the Dungeon
  3031 | D:5      | Reached skill level 5 in Throwing
  3067 | D:5      | Reached skill level 2 in Evocations
  3106 | D:5      | Noticed mopl's ghost (novice DEFE)
  3209 | D:5      | Killed mopl's ghost
  3209 | D:5      | Reached skill level 6 in Unarmed Combat
  3209 | D:5      | Reached XP level 8. HP: 48/78 MP: 8/8
  3283 | D:5      | Found Luinu's Weapon Boutique.
  3290 | D:5      | Bought 4 silver javelins for 115 gold pieces
  3351 | D:5      | Reached skill level 4 in Fighting
  3767 | D:6      | Found a radiant altar of Vehumet.
  3773 | D:6      | Reached skill level 3 in Evocations
  3925 | D:6      | Reached skill level 7 in Unarmed Combat
  4207 | D:7      | Reached skill level 6 in Throwing
  4297 | D:7      | Found a hazy altar of Hepliaklqana.
  4373 | D:7      | Reached XP level 9. HP: 85/85 MP: 10/10
  4691 | D:7      | Found a glowing golden altar of the Shining One.
  4691 | D:7      | Found a glowing silver altar of Zin.
  5044 | D:7      | Reached skill level 8 in Unarmed Combat
  5105 | D:8      | Reached skill level 5 in Fighting
  5378 | D:8      | Noticed Grum
  5389 | D:8      | Reached skill level 4 in Evocations
  5393 | D:8      | Slain by Grum

Skill      XL: |  1  2  3  4  5  6  7  8  9 |
---------------+----------------------------+-----
Unarmed Combat | 1 2 3 4 6 7 8 |  8.6
Fighting       | 2 3 4 5 |  5.2
Throwing       | 4 5 6 |  6.7
Evocations     | 1 2 3 4 |  4.0
Dodging        | |  1.5
Stealth        | |  0.3

Action                   |  1- 3 |  4- 6 |  7- 9 || total
-------------------------+-------+-------+-------++-------
Melee: Unarmed           |    89 |   181 |   294 ||   564
       Punch             |       |     4 |     4 ||     8
Throw: Large rock        |       |     3 |     3 ||     6
       Tomahawk          |       |       |     8 ||     8
 Abil: Evoke Invisibilit |       |     1 |       ||     1
Evoke: Wand              |       |       |     3 ||     3
 Stab: Sleeping          |     1 |       |     2 ||     3
       Invisible         |       |     1 |       ||     1
  Eat: Chunk             |    11 |    19 |    26 ||    56
Armor: Robe              |    39 |    55 |    99 ||   193
Dodge: Dodged            |    59 |    96 |   121 ||   276
